 Dungeon Crawl Stone Soup version 0.21-a0-39-g28ea6b7 (webtiles) character file.

2107 KristoblXynda the Conjurer (level 9, -1/55 HPs)
             Began as a Grey Draconian Conjurer on June 1, 2017.
             Was an Elder of Cheibriados.
             Slain by a gnoll
             ... wielding a +0 halberd of chopping
              (5 damage)
             ... on level 6 of the Dungeon.
             The game lasted 00:20:58 (6484 turns).

KristoblXynda the Conjurer (DrCj)                   Turns: 6484, Time: 00:20:58

Health: -1/55      AC: 13    Str: 26    XL:     9   Next: 7%
Magic:  0/18       EV: 18    Int: 29    God:    Cheibriados [****..]
Gold:   428        SH:  7    Dex: 26    Spells: 8/20 levels left

rFire    . . .     SeeInvis .   l - +2 whip (flame)
rCold    . . .     Gourm    .   n - +1 buckler
rNeg     . . .     Faith    .   (armour unavailable)
rPois    .         Spirit   .   (helmet restricted)
rElec    .         Reflect  .   (no cloak)
rCorr    .         Harm     .   p - +0 pair of gloves
MR       .....                  (no boots)
Stlth    ++........             (no amulet)
Regen    0.0/turn               g - +6 ring of strength
MPRegen  0.2/turn               (no ring)

@: agile, very slightly contaminated, glowing, very slow
A: walk through water, unfitting armour, clever 1, frail 1, inhibited
regeneration, unbreathing, cold-blooded, AC +12
a: Bend Time, Temporal Distortion, Slouch, Renounce Religion


You were on level 6 of the Dungeon.
You worshipped Cheibriados.
Cheibriados was greatly pleased with you.
You were not hungry.

You visited 1 branch of the dungeon, and saw 6 of its levels.
You also visited: Sewer and Ossuary.

You collected 428 gold pieces.

Inventory:

Hand Weapons
 l - a +2 whip of flaming (weapon)
 o - a +2 whip of electrocution
Armour
 n - a +1 buckler (worn)
 p - a +0 pair of gloves (worn)
Jewellery
 g - a +6 ring of strength (left hand)
Wands
 i - a wand of acid (12/15)
Scrolls
 d - 3 scrolls of magic mapping
 e - 3 scrolls of remove curse
 h - 4 scrolls of teleportation
 q - a scroll of blinking
 t - 4 scrolls of identify
Potions
 c - 3 potions of brilliance
 s - a potion of magic
Books
 a - a book of Conjurations

   Spells                             Type                      Level
   a - Magic Dart                     Conjuration                  1
   b - Searing Ray                    Conjuration                  2
   c - Dazzling Spray                 Conjuration/Hexes            3
   d - Fulminant Prism                Conjuration/Hexes            4
   e - Force Lance                    Conjuration/Translocation    4
   f - Iskenderun's Mystic Blast      Conjuration                  4
Comestibles
 b - 4 bread rations
 f - 2 royal jellies
 j - 6 fruits
 m - 2 meat rations


   Skills:
   Level 0.2 Short Blades
   Level 0.8(3.2) Axes
 - Level 5.0 Maces & Flails
 - Level 1.7 Dodging
 - Level 1.7 Stealth
 + Level 2.6 Shields
 + Level 6.0 Spellcasting
 + Level 7.6 Conjurations
 + Level 4.6 Translocations


You had 8 spell levels left.
You knew the following spells:

 Your Spells              Type           Power        Failure   Level  Hunger
a - Magic Dart            Conj           ####         1%          1    None
b - Dazzling Spray        Conj/Hex       ####..       4%          3    None
c - Force Lance           Conj/Tloc      #####...     5%          4    ###....
d - Iskenderun's Mystic   Conj           ######..     2%          4    ###....


Dungeon Overview and Level Annotations

Branches:
Dungeon (6/15)
 Temple: D:4-7

Altars:
Cheibriados
Elyvilon
Fedhas
Hepliaklqana
Uskayaw

Annotations:
D:3 1 runed door


Innate Abilities, Weirdness & Mutations

You can walk through water.
Your dull iron-grey scales are very hard. (AC +12)
You cannot fit into any form of body armour.
You can survive without breathing.
You are cold-blooded and may be slowed by cold attacks.
Your mind is acute. (Int +2)
You are frail. (-10% HP)
You do not regenerate when monsters are visible.


Message History

Aim: a gnoll, wielding a spear (severely wounded)
The magic dart hits the gnoll.
You kill the gnoll!
Cheibriados thoroughly appreciates the change of pace.
Casting: Magic Dart
Confirm with . or Enter, or press ? or * to list all spells.
Aiming: Magic Dart
Press: ? - help, Shift-Dir - straight line, f - gnoll
Aim: a gnoll, wielding a halberd of chopping The magic dart hits the gnoll.
You block the gnoll's attack. The gnoll closely misses you.
Casting: Magic Dart
Confirm with . or Enter, or press ? or * to list all spells.
Aiming: Magic Dart
Press: ? - help, Shift-Dir - straight line, f/p - gnoll
Aim: a gnoll, wielding a halberd of chopping The magic dart hits the gnoll.
The gnoll is moderately wounded.
The gnoll hits you from afar with a halberd of chopping.
You die...

### #.. #[# #.# #.#
#.# #.# #.#
#.##########.#
#######.........@#.#
#..........#####.#.#
..########.# #g#.#
#.# #.#####g#.######
### #.#
#.........##...#....
#.#
#######.####...#..#
#<# #)####...#..#
#.# ###)#.........#
..#
#.............###


You could see 2 gnolls.

Vanquished Creatures
  The ghost of KristoblXynda the Magician, a novice DrVM of Yredelemnul (D:5)
  Sigmund (D:2)
  Menkaure (D:6)
  A sky beast (D:6)
  2 ogres (D:5)
  A big kobold (D:5)
  Blork the orc (D:5)
  A bullfrog (D:6)
  A water moccasin skeleton (D:5)
  2 scorpions
  A crimson imp (D:5)
  A gnoll shaman (D:6)
  A human zombie (Ossuary)
  An orc priest (D:4)
  5 orc wizards
  4 worker ants
  3 mummies (Ossuary)
  12 gnolls
  9 adders
  A shadow imp (D:5)
  An ooze (D:2)
  5 adder zombies (Ossuary)
  4 worms
  4 dart slugs (D:1)
  8 leopard geckos
  21 orcs
  5 ball pythons
  7 bats
  4 giant cockroaches
  2 gnoll zombies (Ossuary)
  28 hobgoblins
  14 kobolds
  3 quokkas
  7 frilled lizards
  36 goblins
  A goblin zombie (Ossuary)
  3 hobgoblin zombies (Ossuary)
  3 kobold zombies (Ossuary)
  2 quokka zombies (Ossuary)
  11 rats
  A rat zombie (Ossuary)
220 creatures vanquished.

Notes
Turn   | Place    | Note
-------+----------+-------------------------------------------
     0 | D:1      | KristoblXynda the Draconian Conjurer began the quest for the Orb.
     0 | D:1      | Reached XP level 1. HP: 14/14 MP: 3/3
   240 | D:1      | Reached XP level 2. HP: 20/20 MP: 5/5
   700 | D:1      | Reached XP level 3. HP: 26/26 MP: 4/6
  1239 | D:2      | Noticed Sigmund
  1268 | D:2      | Killed Sigmund
  1268 | D:2      | Reached skill level 5 in Conjurations
  1268 | D:2      | Reached XP level 4. HP: 20/33 MP: 5/9
  1268 | D:2      | Reached XP level 5. HP: 23/38 MP: 5/10
  1390 | D:2      | Learned a level 3 spell: Dazzling Spray
  1395 | D:2      | Learned a level 4 spell: Force Lance
  2409 | D:3      | Found a glowing drain.
  2435 | Sewer    | Entered a sewer
  2458 | Sewer    | Reached XP level 6. HP: 45/45 MP: 4/11
  2982 | D:3      | Found a hazy altar of Hepliaklqana.
  3010 | D:3      | Found a runed door.
  3011 | D:3      | Found a white marble altar of Elyvilon.
  3011 | D:3      | Noticed an angel
  3684 | D:4      | Found a snail-covered altar of Cheibriados.
  3695 | D:4      | Became a worshipper of Cheibriados the Contemplative
  4052 | D:5      | Entered Level 5 of the Dungeon
  4062 | D:5      | Your scales start taking on a dull iron-grey colour.
  4062 | D:5      | Reached XP level 7. HP: 46/50 MP: 13/13
  4062 | D:5      | Gained mutation: You can survive without breathing. [Grey Draconian growth]
  4073 | D:5      | Found a sand-covered staircase.
  4079 | Ossuary  | Entered an ossuary
  4096 | Ossuary  | Reached skill level 1 in Translocations
  4219 | Ossuary  | Reached skill level 6 in Conjurations
  4268 | Ossuary  | Reached * piety under Cheibriados
  4392 | D:5      | Noticed KristoblXynda's ghost (novice DrVM)
  4421 | D:5      | Killed KristoblXynda's ghost
  4421 | D:5      | Reached skill level 5 in Spellcasting
  4421 | D:5      | Reached XP level 8. HP: 30/57 MP: 13/15
  4969 | D:5      | Reached ** piety under Cheibriados
  5136 | D:5      | Reached skill level 5 in Maces & Flails
  5295 | D:5      | Learned a level 4 spell: Iskenderun's Mystic Blast
  5308 | D:5      | Reached skill level 7 in Conjurations
  5348 | D:5      | Reached *** piety under Cheibriados
  6004 | D:5      | Reached skill level 1 in Shields
  6133 | D:5      | Noticed Blork the orc
  6139 | D:5      | Killed Blork the orc
  6199 | D:5      | Found a hide-covered altar of Uskayaw.
  6200 | D:5      | Found a blossoming altar of Fedhas.
  6410 | D:6      | Noticed Menkaure
  6417 | D:6      | Killed Menkaure
  6419 | D:6      | Reached XP level 9. HP: 23/62 MP: 4/17
  6421 | D:6      | Got a jewelled war axe
  6422 | D:6      | Identified the +3 war axe of Subterfuge {antimagic, *Contam MR++ Dex+5} (You found it on level 6 of the Dungeon)
  6444 | D:6      | Gained mutation: You do not regenerate when monsters are visible. [mutagenic glow]
  6460 | D:6      | Gained mutation: You are frail. (-10% HP) [potion of mutation]
  6460 | D:6      | Gained mutation: Your mind is acute. (Int +2) [potion of mutation]
  6480 | D:6      | Reached **** piety under Cheibriados
  6484 | D:6      | Slain by a gnoll

Vault maps used:
D:1:      evilmike_arrival_hilbert_curve, hangedman_decor_growths
D:2:      uniq_sigmund
D:3:      overflow_temple_1_default, cheibrodos_sewer_entry_sluice, first_bread,
          minmay_misc_feat_pillars, lemuel_angel_altar
D:4:      minivault_24, cheibriados_altar_1
D:5:      minmay_goblin_kobold_castle, nicolae_overflow_hidden_temple,
          nicolae_ossuary_entry_monument, grunt_ministairs_6, dk_noncrumbling_3,
          uniq_blork_the_orc
D:6:      kennysheep_mini, kennysheep_small_circle, uniq_menkaure
Sewer:    sewer_co_cracked_pipes
Ossuary:  ossuary_minmay_chase

Skill      XL: |  1  2  3  4  5  6  7  8  9 |
---------------+----------------------------+-----
Maces & Flails | 2 3 4 5 |  5.0
Spellcasting   | 3 4 5 6 |  6.0
Conjurations   | 5 6 7 |  7.6
Translocations | 2 4 |  4.6
Shields        | 2 |  2.6
Short Blades   | |  0.2
Axes           | |  0.8
Dodging        | |  1.7
Stealth        | |  1.7

Action                   |  1- 3 |  4- 6 |  7- 9 || total
-------------------------+-------+-------+-------++-------
Melee: Hand axe          |    15 |       |       ||    15
       Dagger            |     1 |       |       ||     1
       Whip              |    32 |    77 |   279 ||   388
       Tailslap          |     5 |     4 |    60 ||    69
 Cast: Magic Dart        |    36 |   110 |    37 ||   183
       Dazzling Spray    |       |     5 |    24 ||    29
       Force Lance       |       |       |     3 ||     3
       Iskenderun's Myst |       |       |     1 ||     1
  Use: Scroll            |     4 |    11 |     5 ||    20
       Potion            |     3 |       |     7 ||    10
 Stab: Sleeping          |     1 |     3 |     2 ||     6
       Invisible         |       |       |     5 ||     5
       Distracted        |       |       |     1 ||     1
  Eat: Chunk             |     1 |     9 |     3 ||    13
       Fruit             |       |     1 |     5 ||     6
Armor: Skin              |     6 |    33 |   138 ||   177
Dodge: Dodged            |    25 |    44 |   206 ||   275
Block: Buckler           |       |       |     8 ||     8
